 Dungeon Crawl Stone Soup version 0.26-a0-739-gf55cbd344a (webtiles) character file.

Game seed: 15094151335917488750

260 grumblor the Shield-Bearer (level 6, -4/32 HPs)
             Began as a Vine Stalker Fighter on Nov 5, 2020.
             Slain by a gnoll
             ... wielding a +0 halberd
              (9 damage)
             ... on level 4 of the Dungeon.
             The game lasted 00:04:32 (2612 turns).

grumblor the Shield-Bearer (Vine Stalker Fighter)   Turns: 2612, Time: 00:04:32

Health: -4/32      AC:  6    Str: 21    XL:     6   Next: 17%
Magic:  0/7        EV:  8    Int:  8    God:
Gold:   200        SH: 10    Dex: 13    Spells: 5/5 levels left

rFire    . . .     SeeInvis +   a - +0 war axe
rCold    . . .     Faith    .   c - +1 kite shield
rNeg     . . .     Spirit   +   b - +0 scale mail
rPois    +         Reflect  .   (no helmet)
rElec    .         Harm     .   (no cloak)
rCorr    .         Rampage  .   (no gloves)
MR       .....                  (no boots)
Stlth    ..........             f - amulet of regeneration
HPRegen  0.90/turn              h - ring of poison resistance
MPRegen  0.10/turn              n - ring of see invisible

@: no status effects
A: fangs 2, regeneration 1, magic shield, antimagic bite, no potion heal 3, rot
immunity
a: no special abilities


You were on level 4 of the Dungeon.
You visited 1 branch of the dungeon, and saw 4 of its levels.

You collected 200 gold pieces.

Inventory:

Hand Weapons
 a - a +0 war axe (weapon)
Missiles
 j - 4 curare-tipped darts (quivered)
 k - 40 poisoned darts
 p - 3 javelins
Armour
 b - a +0 scale mail (worn)
 c - a +1 kite shield (worn)
Jewellery
 f - an amulet of regeneration (around neck)
 h - a ring of poison resistance (left hand)
 n - a ring of see invisible (right hand)
Wands
 v - a wand of flame (18)
Scrolls
 m - 2 scrolls of remove curse
 q - a scroll of teleportation
 r - 3 scrolls of enchant armour
Potions
 d - a potion of might
 e - a potion of attraction
 g - a potion of berserk rage {unknown}
 i - 2 potions of heal wounds {unknown}
 l - 2 potions of curing {unknown}
 o - a potion of haste {unknown}
 s - a potion of brilliance {unknown}
 t - 2 potions of mutation {unknown}
 u - a potion of lignification {unknown}


   Skills:
 + Level 3.1 Fighting
 + Level 3.0 Axes
 * Level 1.9 Throwing
 + Level 3.0 Armour
 * Level 1.5 Dodging
 * Level 3.7 Shields


You had 5 spell levels left.
You didn't know any spells.
Your spell library was empty.

Dungeon Overview and Level Annotations

Branches:
Dungeon (4/15)
 Temple: D:4-7

Altars:


Innate Abilities, Weirdness & Mutations

You have extremely sharp teeth.
Your natural rate of healing is unusually fast.
When hurt, damage is shared between your health and your magic reserves.
Your bite disrupts and absorbs the magic of your enemies.
Potions cannot restore your health.
You are immune to rotting.


Message History

The gnoll hits you from afar with a +0 halberd.
The centaur skeleton hits you.
Unknown command.
You are too injured to fight recklessly!
Unknown command.
You are too injured to fight recklessly!
You block the centaur skeleton's attack.
The gnoll hits you from afar with a +0 halberd.
You see here a gnoll corpse.
The centaur skeleton hits you but does no damage.
The gnoll hits you with a +0 halberd.
* * * LOW HITPOINT WARNING * * *
You slash the gnoll!
The gnoll is almost dead.
You hit the centaur skeleton. The centaur skeleton hits you.
* * * LOW HITPOINT WARNING * * *
The centaur skeleton hits you.
* * * LOW HITPOINT WARNING * * *
The gnoll hits you with a +0 halberd!
You die...

#.# #?# ####.# ....# #
#.###..#
.........#########
....###..........#
###?....†...####.#####
.......@Z#### #.....#
......#g># #.....# #
...## #..# #.##..# #
.# #..# #.##..### ....
#........ .##.##
####..### . ..# ###..#
# .# ....# #
.#######..# #


You could see a gnoll and a centaur skeleton.

Vanquished Creatures
  An orc priest (D:3)
  A worker ant (D:3)
  7 gnolls
  6 adders
  A shadow imp (D:3)
  2 oozes
  An adder skeleton (D:3)
  A worm (D:2)
  A dart slug (D:1)
  3 leopard geckos
  2 orcs (D:3)
  6 bats
  5 giant cockroaches (D:3)
  9 goblins
  2 hobgoblins
  A quokka (D:3)
  A ball python (D:3)
  6 frilled lizards
  7 kobolds
  6 rats
69 creatures vanquished.

Notes
Turn   | Place    | Note
-------+----------+-------------------------------------------
     0 | D:1      | grumblor the Vine Stalker Fighter began the quest for the
                  | Orb.
     0 | D:1      | Reached XP level 1. HP: 11/11 MP: 2/2
   487 | D:1      | Reached XP level 2. HP: 16/16 MP: 3/3
   948 | D:2      | Reached XP level 3. HP: 14/19 MP: 2/4
   969 | D:2      | Reached skill level 1 in Throwing
  1078 | D:2      | Gained mutation: Your natural rate of healing is unusually
                  | fast. [Vine Stalker growth]
  1078 | D:2      | Reached XP level 4. HP: 23/23 MP: 5/5
  1556 | D:2      | Reached skill level 1 in Dodging
  1711 | D:3      | Reached XP level 5. HP: 24/28 MP: 3/6
  2221 | D:3      | Reached XP level 6. HP: 32/32 MP: 7/7
  2612 | D:4      | Slain by a gnoll

Illustrated notes

Levels and vault maps discovered:
D:1:      wheals_arrival_shading, layout_loops_ring, kennysheep_doodads
D:2:      layout_loops_ring
D:3:      layout_loops_ring, st_stairs_3, kennysheep_generic_room_5
D:4:      layout_basic, gammafunk_ghost_necromancy

Skill      XL: |  1  2  3  4  5  6 |
---------------+-------------------+-----
Shields        | 3 |  3.7
Throwing       | 1 |  1.9
Axes           | 2 3 |  3.0
Fighting       | 3 |  3.1
Dodging        | 1 |  1.5
Armour         | 3 |  3.0

Action                   |  1- 3 |  4- 6 || total
-------------------------+-------+-------++-------
Melee: War axe           |    38 |   158 ||   196
       Bite              |    14 |    33 ||    47
  Use: Scroll            |     2 |     4 ||     6
Armor: Scale mail        |     8 |    74 ||    82
Dodge: Dodged            |    13 |    52 ||    65
Block: Kite shield       |    18 |   102 ||   120

Table legend: (Time is in decaauts)
 A = Elapsed time spent in this place.
 B = Non-inter-level travel time spent in this place.
 C = Inter-level travel time spent in this place.
 D = Time resting spent in this place.
 E = Time spent auto-exploring this place.
 F = Levels seen in this place.
 G = Mean time per level.
                   A        B        C        D        E       F      G
               +--------+--------+--------+--------+--------+-----+--------+
         Total |   2702 |   2606 |     96 |     31 |   2035 |   4 |  675.5 |
       Dungeon |   2702 |   2606 |     96 |     31 |   2035 |   4 |  675.5 |
               +--------+--------+--------+--------+--------+-----+--------+

Top non-repeatable levels by time:
     D:1: 943 daAuts
     D:3: 852 daAuts
     D:2: 760 daAuts
     D:4: 145 daAuts
